 Dungeon Crawl Stone Soup version 0.32-a0-876-gcfddb08 (webtiles) character file.

Game seed: 16109920786633400144

132 RememberNoOTab the Ruffian (level 4, -1/39 HPs)
             Began as a Troll Necromancer on Mar 31, 2024.
             Slain by Sigmund
             ... wielding a +1 vampiric scythe
              (7 damage)
             ... on level 2 of the Dungeon.
             The game lasted 00:01:34 (1059 turns).

RememberNoOTab the Ruffian (Troll Necromancer)      Turns: 1059, Time: 00:01:35

Health: -1/39      AC:  4    Str: 18    XL:     4   Next: 92%
Magic:  4/4        EV:  5    Int: 11    God:
Gold:   120        SH:  0    Dex: 10    Spells: 4/5 levels left

rFire   . .          .
                       - Unarmed
rCold   . . .        f - +0 tower shield
rNeg    . . .        a - +0 robe
rPois   .            (helmet restricted)
rElec   .            (no cloak)
rCorr   .            (gloves unavailable)
SInv    .            (boots unavailable)
Will    +....        (no amulet)
Stlth   +            (no ring)
HPRegen 1.06/turn    (no ring)
MPRegen 0.09/turn

%: no passive effects
@: confused, enlightened, flying, hasted, very quick
A: large, unfitting armour, claws 3, regeneration 1, shaggy fur 1, tough skin 1
a: no special abilities


You were on level 2 of the Dungeon.
You visited 1 branch of the dungeon, and saw 2 of its levels.

You collected 120 gold pieces.

Inventory:

Armour
 a - a +0 robe (worn)
 f - a +0 tower shield (worn)
Potions
 b - a potion of magic
 e - a potion of haste
 g - a potion of resistance {unknown}
 h - a potion of enlightenment
 k - a potion of attraction {unknown}


   Skills:
 - Level 1.5 Dodging
 - Level 1.0 Stealth
 + Level 1.6 Shields
 * Level 4.1 Unarmed Combat
 - Level 1.2 Spellcasting
 - Level 3.2 Necromancy


You had 4 spell levels left.
You knew the following spells:

 Your Spells              Type           Power      Damage    Failure   Level
a - Necrotise             Necr           28%        1d5       65%         1

Your spell library contained the following spells:

 Spells                   Type           Power      Damage    Failure   Level
 Vampiric Draining        Necr           7%         2d6       95%         3
 Tukima's Dance           Hex            0%         N/A       100%        3
 Animate Dead             Necr           7%         N/A       100%        4
 Passage of Golubria      Tloc           0%         N/A       100%        4
 Curse of Agony           Necr           7%         N/A       100%        5
 Yara's Violent Unravell  Hex/Alch       0%         3d3       100%        5


Dungeon Overview and Level Annotations

Branches:
Dungeon (2/15)

Altars:

Annotations:
D:2 Sigmund


Innate Abilities, Weirdness & Mutations

You are too large for most types of armour.
You have claws for hands.
Your natural rate of healing is unusually fast.
You are covered in fur. (AC +1)
You have tough skin. (AC +1)


Message History

You are too injured to fight recklessly!
You are too injured to fight recklessly!
You are too injured to fight recklessly!
You are too injured to fight recklessly!
You are too injured to fight recklessly!
You claw Sigmund!
Sigmund is heavily wounded.
You closely miss Sigmund.
Sigmund is heavily wounded.
You block Sigmund's attack.
You closely miss Sigmund.
Sigmund is heavily wounded.
Sigmund gestures at you while chanting.
You are confused.
Sigmund hits you with a +1 vampiric scythe.
Sigmund draws strength from your wounds!
Sigmund casts a spell at you.
You are more confused.
Sigmund hits you with a +1 vampiric scythe!
You bump into the rock wall.
Sigmund barely misses you.
You bump into the rock wall.
You scratch Sigmund.
Sigmund is heavily wounded.
Sigmund hits you with a +1 vampiric scythe!
* * * LOW HITPOINT WARNING * * *
Sigmund draws strength from your wounds!
You bump into the rock wall.
Sigmund screams, "Die, monster!"
Sigmund hits you but does no damage.
It was a potion of haste.
You feel yourself speed up.
You miss Sigmund.
Sigmund is moderately wounded.
Sigmund gestures at you while chanting. The magic dart hits you!
* * * LOW HITPOINT WARNING * * *
You feel very buoyant.
You fly up into the air.
Sigmund hits you with a +1 vampiric scythe!
You die...
Sigmund begins carving another notch in his scythe.

....†.######.#.#.........##......
.................................
.............#.#.#####...........
###..######......#<###...........
#..##.........#................
....#.......................####
.##.##....................##.#
...#.....................).####
..[............@######..........
....#..........@#....'..........
............#...##.......†..
............#.####..........
............#...............
............#...##.......##.
.#.##......#............##. ..
#.......†...#.....####.
....#......(..........####.


You could see Sigmund.

Vanquished Creatures
  Natasha (thrice) (D:2)
  An adder (D:2)
  3 dart slugs (D:1)
  A ribbon worm (D:2)
  6 ball pythons
  6 endoplasms
  2 giant cockroaches
  A goblin (D:1)
  4 hobgoblins (D:1)
  5 bats
  A frilled lizard (D:1)
  7 kobolds
  7 rats
47 creatures vanquished.

Notes
Turn   | Place    | Note
-------+----------+-------------------------------------------
     0 | D:1      | RememberNoOTab the Troll Necromancer began the quest for
                  | the Orb.
     0 | D:1      | Reached XP level 1. HP: 16/16 MP: 1/1
    42 | D:1      | Reached skill level 1 in Unarmed Combat
    72 | D:1      | Reached XP level 2. HP: 24/24 MP: 2/2
   153 | D:1      | Reached skill level 2 in Unarmed Combat
   358 | D:1      | Reached XP level 3. HP: 22/31 MP: 3/3
   748 | D:2      | Reached skill level 3 in Unarmed Combat
   799 | D:2      | Noticed Natasha
   802 | D:2      | Killed Natasha
   803 | D:2      | Reached XP level 4. HP: 39/39 MP: 4/4
   806 | D:2      | Noticed Sigmund
   914 | D:2      | Reached skill level 1 in Shields
   966 | D:2      | Noticed Natasha
   973 | D:2      | Killed Natasha
  1032 | D:2      | Noticed Natasha
  1041 | D:2      | Killed Natasha
  1042 | D:2      | Reached skill level 4 in Unarmed Combat
  1059 | D:2      | Slain by Sigmund

Illustrated notes

Levels and vault maps discovered:
D:1:      minmay_arrival_doors, layout_rooms, serial_rivers,
          chequers_serial_rivers_large_b, chequers_serial_rivers_room_b,
          chequers_serial_rivers_micro_b, chequers_serial_rivers_micro_c,
          chequers_serial_rivers_micro_c, serial_bayou_crossing
D:2:      layout_basic, uniq_natasha, uniq_sigmund

Skill      XL: |  1  2  3  4 |
---------------+-------------+-----
Unarmed Combat | 1 2 3 4 |  4.1
Shields        | 1 |  1.6
Dodging        | |  1.5
Stealth        | |  1.0
Spellcasting   | |  1.2
Necromancy     | |  3.2

Action                     |  1- 3 |  4- 6 || total
---------------------------+-------+-------++-------
  Melee: Unarmed           |   101 |    28 ||   129
    Use: Scroll            |       |     4 ||     4
         Potion            |       |     2 ||     2
 Armour: Robe              |    67 |    29 ||    96
  Dodge: Dodged            |    35 |     8 ||    43
  Block: Tower shield      |    24 |     8 ||    32

Table legend: (Time is in decaauts)
 A = Elapsed time spent in this place.
 B = Non-inter-level travel time spent in this place.
 C = Inter-level travel time spent in this place.
 D = Time resting spent in this place.
 E = Time spent auto-exploring this place.
 F = Levels seen in this place.
 G = Mean time per level.
                   A        B        C        D        E       F      G
               +--------+--------+--------+--------+--------+-----+--------+
         Total |   1079 |    994 |     85 |      4 |    663 |   2 |  539.5 |
       Dungeon |   1079 |    994 |     85 |      4 |    663 |   2 |  539.5 |
               +--------+--------+--------+--------+--------+-----+--------+

Top non-repeatable levels by time:
     D:1: 791 daAuts
     D:2: 288 daAuts
